 Dungeon Crawl Stone Soup version 0.29.0-11-gd7f09526c8 (webtiles) character file.

Game seed: 13977517908638884027

4 NinjaNoafa the Chiller (level 1, -1/14 HPs)
             Began as a Draconian Ice Elementalist on Sept 6, 2022.
             Slain by a gnoll
             ... wielding a +0 flail
              (7 damage)
             ... on level 1 of the Dungeon.
             The game lasted 00:00:34 (158 turns).

NinjaNoafa the Chiller (Draconian Ice Elementalist)  Turns: 158, Time: 00:00:35

Health: -1/14      AC:  4    Str: 10    XL:     1   Next: 50%
Magic:  3/3        EV: 12    Int: 15    God:
Gold:   17         SH:  0    Dex: 11    Spells: 3/4 levels left

rFire   . . .      SeeInvis .   (no weapon)
rCold   . . .      Faith    .   (no shield)
rNeg    . . .      Spirit   .   (body armour unavailable)
rPois   .          Reflect  .   (helmet restricted)
rElec   .          Harm     .   (no cloak)
rCorr   .          Rampage  .   (no gloves)
Will    .....                   (no boots)
Stlth   ++........              (no amulet)
HPRegen 0.04/turn               (no ring)
MPRegen 0.08/turn               (no ring)

@: no status effects
A: AC +4, unfitting armour, cold-blooded
a: no special abilities


You were on level 1 of the Dungeon.
You visited 1 branch of the dungeon, and saw 1 of its levels.

You collected 17 gold pieces.

Inventory:

Scrolls
 c - a scroll of immolation
Potions
 b - a potion of ambrosia {unknown}


   Skills:
 - Level 1.7 Dodging
 - Level 1.7 Stealth
 * Level 2.2 Spellcasting
 + Level 4.0 Ice Magic


You had 3 spell levels left.
You knew the following spells:

 Your Spells              Type           Power      Damage    Failure   Level
a - Freeze                Ice            52%        1d7       4%          1

Your spell library contained the following spells:

 Spells                   Type           Power      Damage    Failure   Level
 Frozen Ramparts          Ice            26%        1d4       12%         3
 Ozocubu's Armour         Ice            13%        N/A       12%         3
 Hailstorm                Conj/Ice       7%         3d4       67%         4


Dungeon Overview and Level Annotations

Branches:
Dungeon (1/15)

Altars:


Innate Abilities, Weirdness & Mutations

Your plain brown scales are hard. (AC +4)
You cannot fit into any form of body armour.
You are cold-blooded and may be slowed by cold attacks.


Message History

You kill the quokka!
A kobold and a bat come into view.
Found 10 gold pieces.
There are monsters nearby!
The kobold shouts!
The bat completely misses you. The bat closely misses you. The bat misses you.
You freeze the bat.
You kill the bat!
The kobold misses you.
You see here a bat corpse.
You freeze the kobold.
You kill the kobold!
You can't see any susceptible monsters within range! (Use Z to cast anyway.)
You see here a +0 whip.
You now have 10 gold pieces.
You now have 17 gold pieces (gained 7).
b - a viscous orange potion
Found a scroll of immolation and a leather armour.
Found a faded altar of an unknown god.
Found 18 gold pieces.
There is a faded altar of an unknown god here.
You see here a scroll of immolation.
c - a scroll of immolation
There is a faded altar of an unknown god here.
A gnoll comes into view. It is wielding a +0 flail.
You see here 8 gold pieces.
The gnoll barely misses you.
You freeze the gnoll.
The gnoll is heavily wounded.
The gnoll closely misses you.
You freeze the gnoll.
The gnoll is heavily wounded.
The gnoll closely misses you.
You freeze the gnoll.
The gnoll is severely wounded.
The gnoll hits you with a +0 flail!
Ouch! That really hurt!
Magic courses through your body. The gnoll hits you with a +0 flail!
Ouch! That really hurt!
You die...

###############
#.....$........#
##..............
#.....#.#.......#
##.#........#..#.#
.................#
#. #.$..##[##.#
...##.g#....#..#
......#.@_....+.#
.............#..#
##...#.....#....# #.
###..#...#......#
#..#....#..#.#..##.#
#..#......#.#..##..#
#..................#
# #.
#.....###.##.####
#.####.
#.....###.##.#


You could see a gnoll.

Vanquished Creatures
  A bat (D:1)
  A quokka (D:1)
  A kobold (D:1)
  A rat (D:1)
4 creatures vanquished.

Notes
Turn   | Place    | Note
-------+----------+-------------------------------------------
     0 | D:1      | NinjaNoafa the Draconian Ice Elementalist began the quest
                  | for the Orb.
     0 | D:1      | Reached XP level 1. HP: 14/14 MP: 3/3
   139 | D:1      | Found a faded altar of an unknown god.
   158 | D:1      | Slain by a gnoll

Illustrated notes

Levels and vault maps discovered:
D:1:      dpeg_arrival_simpleton_b, layout_loops_ring,
          hellmonk_ecumenical_altar_blasted, minmay_tree_intersection

Action                   || total
-------------------------++-------
 Cast: Freeze            ||     8
  Use: Potion            ||     1
Dodge: Dodged            ||     9
